Coyotes vs Canucks

Created - Thursday, March 10, 2016 at 03:39

Goals
1 2 3 T
Coyotes 0 1 0 1
Canucks 3 2 3 8
Shots
1 2 3 T
Coyotes 1 15 13 29
Canucks 14 10 16 40

1st period

1. Canucks , Andrei Markov 10 (Derick Brassard, Clarke MacArthur) at 0:10
2. Canucks , Brendan Gallagher 42 (Mats Zuccarello, Nazem Kadri) at 3:21
3. Canucks , Jack Johnson 12 (Andrei Markov, Clarke MacArthur) at 3:47 (PP)

Penalties :
Mark Borowiecki (Ari) for Interference (Minor) at 3:24, Craig Smith (Van) for Hooking (Minor) at 13:41

2nd period

4. Canucks , Clarke MacArthur 26 (Craig Smith, Derick Brassard) at 0:08
5. Canucks , Tomas Kopecky 3 (Andrei Markov, Jannik Hansen) at 13:50
6. Coyotes , Rob Klinkhammer 9 (Stephen Weiss, R.J. Umberger) at 18:26 (PP)

Penalties :
Mats Zuccarello (Van) for Interference (Minor) at 8:00, Antoine Roussel (Van) for Diving (Minor) at 14:48, Willie Mitchell (Van) for Hooking (Minor) at 15:39, Andrei Markov (Van) for Tripping (Minor) at 18:07

3rd period

7. Canucks , Mats Zuccarello 14 (Nazem Kadri) at 4:45 (PP)
8. Canucks , Jannik Hansen 3 (Alexander Edler) at 10:27
9. Canucks , Tomas Kopecky 4 (Andrei Markov, Jannik Hansen) at 13:57

Penalties :
Eric Nystrom (Ari) for Hooking (Minor) at 0:19, Mark Borowiecki (Ari) for Goalie Interference (Minor) at 4:38, Peter Holland (Van) for Interference (Minor) at 18:58

Goalie Stats

Carter Hutton (Ari), 32 saves from 40 shots - (0.800), L, 2-13-4, 60:00 minutes
Mike McKenna (Van), 28 saves from 29 shots - (0.966), W, 5-0-0, 60:00 minutes

Players Stats for Coyotes

Player Name              G  A  P  +/- PIM S  H  SB GA TA FO     MP     PP MP  PK MP  
------------------------------------------------------------------------------------
Andrej Sustr             0  0  0  -2  0   1  0  2  0  0  0/0    25:33   4:48   2:06 
Bobby Butler             0  0  0  -1  0   2  1  1  2  1  0/1    11:08   0:00   0:00 
Carter Ashton            0  0  0   0  0   0  2  0  0  0  0/1     8:40   0:00   0:00 
Dave Steckel             0  0  0  -1  0   2  0  0  1  0  5/11   19:00   0:00   0:05 
David Jones              0  0  0  -2  0   0  1  0  7  0  0/0    19:24   4:24   0:00 
Drayson Bowman           0  0  0   0  0   0  0  0  0  0  0/0     8:40   0:00   0:00 
Elias Lindholm           0  0  0  -2  0   0  2  1  1  0  7/22   22:04   4:24   2:02 
Eric Nystrom             0  0  0  -2  2   1  0  0  1  3  1/2    20:04   4:24   0:30 
Greg Pateryn             0  0  0  -2  0   3  2  2  1  2  0/0    15:34   0:00   0:23 
Mark Barberio            0  0  0  -2  0   0  0  1  0  1  0/0    15:41   0:00   0:30 
Mark Borowiecki          0  0  0  -2  4   2  2  1  1  4  0/0    16:13   0:00   1:36 
Michal Jordan            0  0  0  -2  0   4  0  1  1  0  0/0    18:52   3:20   0:00 
Philippe Paradis         0  0  0  -1  0   1  0  0  0  1  0/1    12:31   0:00   1:12 
R.J. Umberger            0  1  1  -3  0   3  1  0  0  1  0/0    18:07   3:44   0:00 
Rob Klinkhammer          1  0  1  -3  0   3  4  0  0  0  0/0    19:16   3:44   1:09 
Stephen Weiss            0  1  1  -3  0   5  0  1  2  0  6/16   18:33   3:44   0:00 
T.J. Brennan             0  0  0   0  0   0  0  0  1  0  0/0     6:54   3:20   0:23 
Yannick Weber            0  0  0  -2  0   2  1  1  1  1  0/0    21:09   4:48   0:00 

Players Stats for Canucks

Player Name              G  A  P  +/- PIM S  H  SB GA TA FO     MP     PP MP  PK MP  
------------------------------------------------------------------------------------
Alexander Edler          0  1  1   2  0   1  1  0  0  2  0/0    19:45   0:53   3:37 
Andrei Markov            1  3  4   4  2   5  0  6  1  2  0/0    26:12   1:36   4:31 
Antoine Roussel          0  0  0   0  2   1  3  3  1  0  0/0    19:46   0:48   5:29 
Brendan Gallagher        1  0  1   1  0   1  1  0  1  0  0/0     3:48   0:00   0:00 
Christopher Tanev        0  0  0   0  0   0  0  0  0  1  0/0    14:54   0:00   0:53 
Clarke MacArthur         1  2  3   2  0   4  1  0  1  1  0/0    16:31   1:19   0:00 
Craig Smith              0  1  1   2  2   2  1  0  2  2  0/1    19:43   1:41   0:00 
Derick Brassard          0  2  2   2  0   2  1  0  7  2  15/20  14:48   1:19   0:25 
Jack Johnson             1  0  1   4  0   6  2  1  0  2  0/0    26:13   1:36   4:31 
Jannik Hansen            1  2  3   3  0   5  0  0  2  0  0/0    11:56   0:00   0:00 
Joakim Andersson         0  0  0   3  0   0  1  0  0  0  4/7    11:44   0:00   0:40 
Joel Ward                0  0  0   0  0   2  0  0  1  0  0/0    10:03   0:00   0:00 
Mats Zuccarello          1  1  2   1  2   2  0  0  3  0  1/1    16:14   1:10   0:00 
Nazem Kadri              0  2  2   1  0   1  0  0  2  0  9/11   16:05   1:10   0:00 
Nick Leddy               0  0  0   0  0   4  1  1  0  1  0/0    14:01   0:00   0:00 
Peter Holland            0  0  0   0  2   0  0  0  0  0  4/11   16:02   0:00   5:44 
Tomas Kopecky            2  0  2   3  0   3  1  0  0  1  2/3    13:54   0:00   2:50 
Willie Mitchell          0  0  0   2  2   1  1  1  0  1  0/0    18:54   0:53   2:43 

3 Stars

1 - Andrei Markov (Van)
2 - Tomas Kopecky (Van)
3 - Jannik Hansen (Van)

Power Play

Coyotes - 1 on 6 Attempt(s) - 16.67%
Canucks - 2 on 3 Attempt(s) - 66.67%

Penalty Kill

Coyotes - 1 on 3 Attempt(s) - 33.33% - Score 0 goal in Penalty Kill
Canucks - 5 on 6 Attempt(s) - 83.33% - Score 0 goal in Penalty Kill

Team Stat

Coyotes - Hits : 16 - Faceoff Wins : 19 - Blocked Shots : 11 - Penalty Minutes : 6
Canucks - Hits : 14 - Faceoff Wins : 35 - Blocked Shots : 12 - Penalty Minutes : 12

Official

Referees : Unknown
Linesman : Unknown

Game Notes

Brendan Gallagher is injured at 13:08 of 1st period (Bruised Left Leg)

Finance

Level 1 -- Attendance: 5342 (89.03%) -- Ticket Income $427,360
Level 2 -- Attendance: 4500 (90.00%) -- Ticket Income $238,500
Level 3 -- Attendance: 2000 (100.00%) -- Ticket Income $62,000
Level 4 -- Attendance: 3618 (90.45%) -- Ticket Income $61,506
Luxury Box -- Attendance: 986 (98.60%) -- Ticket Income $173,536
Game was played at the Rogers Place.
Total Attendance: 16446 (91.37%)
Total Ticket Income: $962,902
Other Income: $471,822
Total Income: $1,434,724

Coyotes

5 vs 5 Forward 
   Center                   Left Wing                Right Wing               Time % Phy DF OF 
 1 Elias Lindholm           Eric Nystrom             David Jones              30     1   1  3  
 2 Stephen Weiss            R.J. Umberger            Rob Klinkhammer          28     1   1  3  
 3 Dave Steckel             Philippe Paradis         Bobby Butler             23     1   1  3  
 4 Dave Steckel             Carter Ashton            Drayson Bowman           19     1   1  3  

5 vs 5 Defense 
   Defense                  Defense                                           Time % Phy DF OF 
 1 Mark Borowiecki          Andrej Sustr                                      35     1   2  2  
 2 Yannick Weber            Michal Jordan                                     30     1   2  2  
 3 Greg Pateryn             Mark Barberio                                     22     1   2  2  
 4 T.J. Brennan             Andrej Sustr                                      13     1   2  2  

PowerPlay Forward 
   Center                   Left Wing                Right Wing               Time % Phy DF OF 
 1 Elias Lindholm           Eric Nystrom             David Jones              60     1   2  2  
 2 Stephen Weiss            R.J. Umberger            Rob Klinkhammer          40     1   2  2  

PowerPlay Defense
   Defense                  Defense                                           Time % Phy DF OF 
 1 Yannick Weber            Andrej Sustr                                      60     1   2  2  
 2 T.J. Brennan             Michal Jordan                                     40     1   2  2  

Penalty Kill 4 Players Forward 
   Center                   Wing                     Time % Phy DF OF 
 1 Elias Lindholm           Eric Nystrom             60     1   2  2  
 2 Stephen Weiss            R.J. Umberger            40     1   2  2  

Penalty Kill 4 Players Defense
   Defense                  Defense                  Time % Phy DF OF 
 1 Mark Borowiecki          Andrej Sustr             60     1   2  2  
 2 Greg Pateryn             Mark Barberio            40     1   2  2  

Penalty Kill - 3 Players Forward 
   Forward                                           Time % Phy DF OF 
 1 Elias Lindholm                                    60     1   2  2  
 2 Stephen Weiss                                     40     1   2  2  

Penalty Kill - 3 Players Defense
   Defense                  Defense                  Time % Phy DF OF 
 1 Mark Borowiecki          Andrej Sustr             60     1   2  2  
 2 Greg Pateryn             Mark Barberio            40     1   2  2  

4 vs 4 Forward 
   Center                   Wing                     Time % Phy DF OF 
 1 Elias Lindholm           David Jones              60     1   2  2  
 2 Stephen Weiss            Eric Nystrom             40     1   2  2  

4 vs 4 Defense
   Defense                  Defense                  Time % Phy DF OF 
 1 Mark Borowiecki          Andrej Sustr             60     1   2  2  
 2 Yannick Weber            T.J. Brennan             40     1   2  2  

Last Minutes Offensive
   Center                   Left Wing                Right Wing               Defense                  Defense                  
   Elias Lindholm           Eric Nystrom             David Jones              Yannick Weber            Andrej Sustr             

Last Minutes Defensive
   Center                   Left Wing                Right Wing               Defense                  Defense                  
   Elias Lindholm           R.J. Umberger            Eric Nystrom             Mark Borowiecki          Andrej Sustr             

Goaltenders
Starting : Carter Hutton            
Backup : Magnus Hellberg          

Extra Forwards
Normal : Carter Ashton, Drayson Bowman, Rob Klinkhammer - PP : Carter Ashton, Drayson Bowman - PK : Rob Klinkhammer
Extra Defensemen
Normal : Greg Pateryn, Mark Barberio, T.J. Brennan - PP : Greg Pateryn - PK : Mark Barberio, T.J. Brennan
Penalty Shots
Elias Lindholm, Stephen Weiss, R.J. Umberger, Eric Nystrom, David Jones

Canucks

5 vs 5 Forward 
   Center                   Left Wing                Right Wing               Time % Phy DF OF 
 1 Derick Brassard          Clarke MacArthur         Craig Smith              35     1   1  3  
 2 Nazem Kadri              Mats Zuccarello          Brendan Gallagher        32     1   1  3  
 3 Peter Holland            Antoine Roussel          Joel Ward                20     1   2  2  
 4 Joakim Andersson         Jannik Hansen            Tomas Kopecky            13     1   3  1  

5 vs 5 Defense 
   Defense                  Defense                                           Time % Phy DF OF 
 1 Jack Johnson             Andrei Markov                                     35     1   2  2  
 2 Alexander Edler          Willie Mitchell                                   30     1   2  2  
 3 Nick Leddy               Christopher Tanev                                 22     1   2  2  
 4 Jack Johnson             Andrei Markov                                     13     1   2  2  

PowerPlay Forward 
   Center                   Left Wing                Right Wing               Time % Phy DF OF 
 1 Derick Brassard          Clarke MacArthur         Craig Smith              60     1   1  3  
 2 Nazem Kadri              Mats Zuccarello          Brendan Gallagher        40     1   1  3  

PowerPlay Defense
   Defense                  Defense                                           Time % Phy DF OF 
 1 Jack Johnson             Andrei Markov                                     60     1   2  2  
 2 Alexander Edler          Willie Mitchell                                   40     1   2  2  

Penalty Kill 4 Players Forward 
   Center                   Wing                     Time % Phy DF OF 
 1 Peter Holland            Antoine Roussel          60     1   3  1  
 2 Joakim Andersson         Tomas Kopecky            40     1   3  1  

Penalty Kill 4 Players Defense
   Defense                  Defense                  Time % Phy DF OF 
 1 Jack Johnson             Andrei Markov            60     1   3  1  
 2 Alexander Edler          Willie Mitchell          40     1   3  1  

Penalty Kill - 3 Players Forward 
   Forward                                           Time % Phy DF OF 
 1 Peter Holland                                     60     1   3  1  
 2 Joakim Andersson                                  40     1   3  1  

Penalty Kill - 3 Players Defense
   Defense                  Defense                  Time % Phy DF OF 
 1 Jack Johnson             Andrei Markov            60     1   3  1  
 2 Alexander Edler          Willie Mitchell          40     1   3  1  

4 vs 4 Forward 
   Center                   Wing                     Time % Phy DF OF 
 1 Derick Brassard          Clarke MacArthur         60     1   2  2  
 2 Nazem Kadri              Brendan Gallagher        40     1   2  2  

4 vs 4 Defense
   Defense                  Defense                  Time % Phy DF OF 
 1 Jack Johnson             Andrei Markov            60     1   2  2  
 2 Alexander Edler          Willie Mitchell          40     1   2  2  

Last Minutes Offensive
   Center                   Left Wing                Right Wing               Defense                  Defense                  
   Derick Brassard          Clarke MacArthur         Brendan Gallagher        Jack Johnson             Andrei Markov            

Last Minutes Defensive
   Center                   Left Wing                Right Wing               Defense                  Defense                  
   Peter Holland            Tomas Kopecky            Joel Ward                Jack Johnson             Willie Mitchell          

Goaltenders
Starting : Mike McKenna             
Backup : Ben Bishop               

Extra Forwards
Normal : Craig Smith, Antoine Roussel, Clarke MacArthur - PP : Craig Smith, Antoine Roussel - PK : Tomas Kopecky
Extra Defensemen
Normal : Nick Leddy, Christopher Tanev, Alexander Edler - PP : Nick Leddy - PK : Christopher Tanev, Alexander Edler
Penalty Shots
Derick Brassard, Tomas Kopecky, Joel Ward, Nazem Kadri, Brendan Gallagher

% Time on Ice - Coyotes

Lines # - Real PCT - Wanted PCT - Time Play
Normal Forward
1 - 31% - 30% - 15:11
2 - 29% - 28% - 14:23
3 - 23% - 23% - 11:08
4 - 18% - 19% - 8:41
Normal Defense
1 - 31% - 35% - 15:28
2 - 32% - 30% - 15:44
3 - 30% - 22% - 15:00
4 - 6% - 13% - 3:11
PP Forward
1 - 54% - 60% - 4:24
2 - 46% - 40% - 3:44
PP Defense
1 - 59% - 60% - 4:48
2 - 41% - 40% - 3:20
PK Forward
1 - 100% - 60% - 2:29
2 - 0% - 40% - 0:00
PK Defense
1 - 85% - 60% - 2:06
2 - 15% - 40% - 0:23
PK3 Forward
1 - 0% - 60%
2 - 0% - 40%
PK3 Defense
1 - 0% - 60%
2 - 0% - 40%
44 Forward
1 - 0% - 60%
2 - 0% - 40%
44 Defense
1 - 0% - 60%
2 - 0% - 40%
Last Minute Offensive  - 0:00
Last Minute Defensive  - 0:00
Total
Forward - 60:00
Defense - 60:00

% Time on Ice - Canucks

Lines # - Real PCT - Wanted PCT - Time Play
Normal Forward
1 - 27% - 35% - 13:20
2 - 30% - 32% - 14:56
3 - 20% - 20% - 10:03
4 - 22% - 13% - 11:04
Normal Defense
1 - 33% - 35% - 16:16
2 - 31% - 30% - 15:15
3 - 28% - 22% - 14:01
4 - 8% - 13% - 3:51
PP Forward
1 - 53% - 60% - 1:19
2 - 47% - 40% - 1:10
PP Defense
1 - 64% - 60% - 1:36
2 - 36% - 40% - 0:53
PK Forward
1 - 90% - 60% - 6:20
2 - 10% - 40% - 0:40
PK Defense
1 - 52% - 60% - 3:39
2 - 48% - 40% - 3:21
PK3 Forward
1 - 100% - 60% - 1:08
2 - 0% - 40% - 0:00
PK3 Defense
1 - 76% - 60% - 0:52
2 - 24% - 40% - 0:16
44 Forward
1 - 0% - 60%
2 - 0% - 40%
44 Defense
1 - 0% - 60%
2 - 0% - 40%
Last Minute Offensive  - 0:00
Last Minute Defensive  - 0:00
Total
Forward - 60:00
Defense - 60:00

Play by Play

1st period


0:01 of 1st period - Derick Brassard wins face-off versus Elias Lindholm in neutral zone.
0:06 of 1st period - Snap shot by Derick Brassard.
0:06 of 1st period - Shot Misses the Net.
0:08 of 1st period - Slapshot by Andrei Markov.
0:08 of 1st period - Deflect By Elias Lindholm.
0:08 of 1st period - Stopped by Carter Hutton with a rebound.
0:10 of 1st period - Snap shot by Andrei Markov.
0:10 of 1st period - Goal by Andrei Markov - Coyotes : 0 - Canucks : 1.
0:11 of 1st period - Nazem Kadri wins face-off versus Stephen Weiss in neutral zone.
0:28 of 1st period - Snap shot by Nazem Kadri.
0:28 of 1st period - Deflect By Yannick Weber.
0:28 of 1st period - Stopped by Carter Hutton with a rebound.
0:54 of 1st period - Nazem Kadri is hit by Rob Klinkhammer and loses puck.
1:34 of 1st period - Snap shot by Joel Ward.
1:34 of 1st period - Shot Misses the Net.
1:52 of 1st period - Christopher Tanev is hit by Greg Pateryn and loses puck.
2:37 of 1st period - Slapshot by Jack Johnson.
2:37 of 1st period - Shot Blocked by Greg Pateryn.
2:39 of 1st period - Slapshot by Jack Johnson.
2:39 of 1st period - Deflect By Jannik Hansen.
2:39 of 1st period - Stopped by Carter Hutton with a rebound.
3:21 of 1st period - Slapshot by Brendan Gallagher.
3:21 of 1st period - Goal by Brendan Gallagher - Coyotes : 0 - Canucks : 2.
3:22 of 1st period - Dave Steckel wins face-off versus Derick Brassard in neutral zone.
3:24 of 1st period - Minor Penalty to Mark Borowiecki for Interference.
3:25 of 1st period - Elias Lindholm wins face-off versus Derick Brassard in Coyotes zone.
3:39 of 1st period - Backhand shot by Clarke MacArthur.
3:39 of 1st period - Stopped by Carter Hutton with a rebound.
3:41 of 1st period - Slapshot by Andrei Markov.
3:41 of 1st period - Stopped by Carter Hutton with a rebound.
3:43 of 1st period - Slapshot by Jack Johnson.
3:43 of 1st period - Shot Misses the Net.
3:45 of 1st period - Slapshot by Jack Johnson.
3:45 of 1st period - Shot Misses the Net.
3:47 of 1st period - Slapshot by Jack Johnson.
3:47 of 1st period - Goal by Jack Johnson - Coyotes : 0 - Canucks : 3.
3:48 of 1st period - Derick Brassard wins face-off versus Dave Steckel in neutral zone.
3:55 of 1st period - Jack Johnson is hit by Carter Ashton and loses puck.
5:38 of 1st period - Snap shot by Antoine Roussel.
5:38 of 1st period - Stopped by Carter Hutton with a rebound.
5:40 of 1st period - Slapshot by Antoine Roussel.
5:40 of 1st period - Shot Blocked by Andrej Sustr.
5:52 of 1st period - R.J. Umberger is hit by Antoine Roussel and loses puck.
6:20 of 1st period - Snap shot by Jannik Hansen.
6:20 of 1st period - Stopped by Carter Hutton without a rebound.
6:21 of 1st period - Derick Brassard wins face-off versus Philippe Paradis in Coyotes zone.
6:32 of 1st period - Wrist shot by Clarke MacArthur.
6:32 of 1st period - Shot Blocked by Yannick Weber.
6:34 of 1st period - Wrist shot by Andrei Markov.
6:34 of 1st period - Shot Misses the Net.
7:39 of 1st period - Nick Leddy is hit by Elias Lindholm.
7:57 of 1st period - Alexander Edler is hit by Carter Ashton and loses puck.
8:31 of 1st period - Peter Holland is hit by Greg Pateryn and loses puck.
9:20 of 1st period - Wrist shot by Derick Brassard.
9:20 of 1st period - Shot Misses the Net.
9:49 of 1st period - T.J. Brennan is hit by Brendan Gallagher and loses puck.
9:56 of 1st period - Slapshot by Mats Zuccarello.
9:56 of 1st period - Stopped by Carter Hutton with a rebound.
10:17 of 1st period - Backhand shot by R.J. Umberger.
10:17 of 1st period - Stopped by Mike McKenna with a rebound.
10:19 of 1st period - Wrist shot by R.J. Umberger.
10:19 of 1st period - Shot Blocked by Willie Mitchell.
10:21 of 1st period - Snap shot by Stephen Weiss.
10:21 of 1st period - Shot Misses the Net.
10:45 of 1st period - Wrist shot by David Jones.
10:45 of 1st period - Shot Misses the Net.
10:47 of 1st period - Slapshot by Andrej Sustr.
10:47 of 1st period - Deflect By David Jones.
10:47 of 1st period - Shot Misses the Net.
10:47 of 1st period - Puck is out of play.
10:48 of 1st period - Joakim Andersson wins face-off versus Eric Nystrom in Canucks zone.
11:16 of 1st period - Slapshot by Jack Johnson.
11:16 of 1st period - Stopped by Carter Hutton with a rebound.
12:32 of 1st period - Willie Mitchell is hit by R.J. Umberger and loses puck.
13:07 of 1st period - Brendan Gallagher is hit by Yannick Weber and loses puck.
13:08 of 1st period - Brendan Gallagher from Canucks is injured at 13:08 of 1st period (Bruised Left Leg).
13:09 of 1st period - Derick Brassard wins face-off versus Stephen Weiss in Canucks zone.
13:32 of 1st period - Snap shot by Stephen Weiss.
13:32 of 1st period - Deflect By Rob Klinkhammer.
13:32 of 1st period - Deflect By Jack Johnson.
13:32 of 1st period - Shot Blocked by Andrei Markov.
13:32 of 1st period - Puck is out of play.
13:33 of 1st period - Eric Nystrom wins face-off versus Nazem Kadri in Canucks zone.
13:41 of 1st period - Minor Penalty to Craig Smith for Hooking.
13:42 of 1st period - Peter Holland wins face-off versus Elias Lindholm in Canucks zone.
13:54 of 1st period - Slapshot by Antoine Roussel.
13:54 of 1st period - Shot Misses the Net.
13:56 of 1st period - Snap shot by Jack Johnson.
13:56 of 1st period - Stopped by Carter Hutton without a rebound.
13:57 of 1st period - Peter Holland wins face-off versus Elias Lindholm in Coyotes zone.
13:58 of 1st period - Snap shot by Antoine Roussel.
13:58 of 1st period - Shot Misses the Net.
14:00 of 1st period - Slapshot by Andrei Markov.
14:00 of 1st period - Deflect By Antoine Roussel.
14:00 of 1st period - Shot Blocked by Elias Lindholm.
14:00 of 1st period - Puck is out of play.
14:01 of 1st period - Elias Lindholm wins face-off versus Peter Holland in Coyotes zone.
14:01 of 1st period - Elias Lindholm is hit by Jack Johnson.
15:21 of 1st period - Off-side.
15:22 of 1st period - Stephen Weiss wins face-off versus Joakim Andersson in neutral zone.
15:41 of 1st period - Penalty to Craig Smith is over, Craig Smith is back on ice.
16:38 of 1st period - Slapshot by Nick Leddy.
16:38 of 1st period - Stopped by Carter Hutton without a rebound.
16:39 of 1st period - Joakim Andersson wins face-off versus Elias Lindholm in Coyotes zone.
17:26 of 1st period - Snap shot by Clarke MacArthur.
17:26 of 1st period - Shot Blocked by Mark Borowiecki.
18:02 of 1st period - Alexander Edler is hit by Bobby Butler and loses puck.
18:27 of 1st period - Dave Steckel is hit by Alexander Edler and loses puck.
18:50 of 1st period - Slapshot by Rob Klinkhammer.
18:50 of 1st period - Shot Misses the Net.
19:28 of 1st period - Snap shot by Nick Leddy.
19:28 of 1st period - Shot Blocked by Mark Barberio.
19:46 of 1st period - Slapshot by Clarke MacArthur.
19:46 of 1st period - Shot Misses the Net.
Goals for this period are 0 for Coyotes vs 3 for Canucks.
Shots for this period are 1 for Coyotes vs 14 for Canucks.

2nd period


0:01 of 2nd period - Derick Brassard wins face-off versus Stephen Weiss in neutral zone.
0:08 of 2nd period - Snap shot by Clarke MacArthur.
0:08 of 2nd period - Goal by Clarke MacArthur - Coyotes : 0 - Canucks : 4.
0:09 of 2nd period - Derick Brassard wins face-off versus Elias Lindholm in neutral zone.
0:16 of 2nd period - Wrist shot by David Jones.
0:16 of 2nd period - Shot Blocked by Andrei Markov.
0:18 of 2nd period - Slapshot by Andrej Sustr.
0:18 of 2nd period - Stopped by Mike McKenna with a rebound.
0:20 of 2nd period - Slapshot by Eric Nystrom.
0:20 of 2nd period - Stopped by Mike McKenna without a rebound.
0:21 of 2nd period - Derick Brassard wins face-off versus Elias Lindholm in Canucks zone.
0:34 of 2nd period - Slapshot by Craig Smith.
0:34 of 2nd period - Shot Misses the Net.
1:54 of 2nd period - Wrist shot by Michal Jordan.
1:54 of 2nd period - Stopped by Mike McKenna with a rebound.
2:17 of 2nd period - Greg Pateryn is hit by Tomas Kopecky and loses puck.
2:30 of 2nd period - Eric Nystrom is hit by Willie Mitchell and loses puck.
2:43 of 2nd period - Slapshot by Antoine Roussel.
2:43 of 2nd period - Shot Misses the Net.
3:14 of 2nd period - Wrist shot by Clarke MacArthur.
3:14 of 2nd period - Stopped by Carter Hutton without a rebound.
3:15 of 2nd period - Dave Steckel wins face-off versus Craig Smith in Coyotes zone.
4:33 of 2nd period - Icing by Alexander Edler.
4:34 of 2nd period - Elias Lindholm wins face-off versus Peter Holland in Canucks zone.
4:41 of 2nd period - Backhand shot by David Jones.
4:41 of 2nd period - Shot Misses the Net.
4:43 of 2nd period - Slapshot by Greg Pateryn.
4:43 of 2nd period - Stopped by Mike McKenna with a rebound.
4:45 of 2nd period - Slapshot by Greg Pateryn.
4:45 of 2nd period - Deflect By Christopher Tanev.
4:45 of 2nd period - Stopped by Mike McKenna with a rebound.
4:47 of 2nd period - Backhand shot by Greg Pateryn.
4:47 of 2nd period - Stopped by Mike McKenna without a rebound.
4:48 of 2nd period - Derick Brassard wins face-off versus Dave Steckel in Canucks zone.
5:13 of 2nd period - Snap shot by Derick Brassard.
5:13 of 2nd period - Stopped by Carter Hutton without a rebound.
5:14 of 2nd period - Nazem Kadri wins face-off versus Elias Lindholm in Coyotes zone.
5:22 of 2nd period - Off-side.
5:23 of 2nd period - Nazem Kadri wins face-off versus Elias Lindholm in neutral zone.
5:40 of 2nd period - Wrist shot by Nazem Kadri.
5:40 of 2nd period - Shot Misses the Net.
5:42 of 2nd period - Snap shot by Nazem Kadri.
5:42 of 2nd period - Shot Misses the Net.
5:44 of 2nd period - Wrist shot by Craig Smith.
5:44 of 2nd period - Stopped by Carter Hutton with a rebound.
5:46 of 2nd period - Snap shot by Jack Johnson.
5:46 of 2nd period - Stopped by Carter Hutton with a rebound.
6:00 of 2nd period - Peter Holland is hit by Elias Lindholm and loses puck.
6:38 of 2nd period - Slapshot by Stephen Weiss.
6:38 of 2nd period - Stopped by Mike McKenna without a rebound.
6:39 of 2nd period - Tomas Kopecky wins face-off versus Dave Steckel in Canucks zone.
8:00 of 2nd period - Minor Penalty to Mats Zuccarello for Interference.
8:01 of 2nd period - Elias Lindholm wins face-off versus Peter Holland in Canucks zone.
8:24 of 2nd period - Snap shot by David Jones.
8:24 of 2nd period - Deflect By Eric Nystrom.
8:24 of 2nd period - Shot Blocked by Andrei Markov.
8:24 of 2nd period - Puck is out of play.
8:25 of 2nd period - Stephen Weiss wins face-off versus Peter Holland in Canucks zone.
9:14 of 2nd period - Snap shot by Elias Lindholm.
9:14 of 2nd period - Shot Misses the Net.
10:00 of 2nd period - Penalty to Mats Zuccarello is over, Mats Zuccarello is back on ice.
10:16 of 2nd period - Christopher Tanev is hit by David Jones and loses puck.
10:35 of 2nd period - Carter Ashton is hit by Derick Brassard and loses puck.
10:43 of 2nd period - Off-side.
10:44 of 2nd period - Nazem Kadri wins face-off versus Dave Steckel in neutral zone.
10:51 of 2nd period - Snap shot by Michal Jordan.
10:51 of 2nd period - Stopped by Mike McKenna with a rebound.
10:53 of 2nd period - Slapshot by Michal Jordan.
10:53 of 2nd period - Stopped by Mike McKenna with a rebound.
10:55 of 2nd period - Wrist shot by Michal Jordan.
10:55 of 2nd period - Stopped by Mike McKenna with a rebound.
10:57 of 2nd period - Slapshot by Michal Jordan.
10:57 of 2nd period - Deflect By Dave Steckel.
10:57 of 2nd period - Stopped by Mike McKenna with a rebound.
10:59 of 2nd period - Slapshot by Philippe Paradis.
10:59 of 2nd period - Stopped by Mike McKenna with a rebound.
11:53 of 2nd period - Snap shot by Jack Johnson.
11:53 of 2nd period - Shot Misses the Net.
11:55 of 2nd period - Wrist shot by Jannik Hansen.
11:55 of 2nd period - Shot Misses the Net.
12:16 of 2nd period - Wrist shot by R.J. Umberger.
12:16 of 2nd period - Stopped by Mike McKenna without a rebound.
12:17 of 2nd period - Nazem Kadri wins face-off versus Stephen Weiss in Canucks zone.
12:44 of 2nd period - Slapshot by Rob Klinkhammer.
12:44 of 2nd period - Shot Misses the Net.
13:28 of 2nd period - Slapshot by Alexander Edler.
13:28 of 2nd period - Deflect By Elias Lindholm.
13:28 of 2nd period - Stopped by Carter Hutton without a rebound.
13:29 of 2nd period - Dave Steckel wins face-off versus Joakim Andersson in Coyotes zone.
13:36 of 2nd period - Slapshot by Yannick Weber.
13:36 of 2nd period - Shot Blocked by Andrei Markov.
13:46 of 2nd period - Snap shot by Jannik Hansen.
13:46 of 2nd period - Deflect By Tomas Kopecky.
13:46 of 2nd period - Stopped by Carter Hutton with a rebound.
13:48 of 2nd period - Slapshot by Andrei Markov.
13:48 of 2nd period - Stopped by Carter Hutton with a rebound.
13:50 of 2nd period - Slapshot by Andrei Markov.
13:50 of 2nd period - Deflect By Tomas Kopecky.
13:50 of 2nd period - Goal by Tomas Kopecky - Coyotes : 0 - Canucks : 5.
13:51 of 2nd period - Derick Brassard wins face-off versus Stephen Weiss in neutral zone.
14:48 of 2nd period - Minor Penalty to Antoine Roussel for Diving.
14:49 of 2nd period - Peter Holland wins face-off versus Elias Lindholm in Canucks zone.
14:55 of 2nd period - Icing by Andrej Sustr.
14:56 of 2nd period - Elias Lindholm wins face-off versus Peter Holland in Coyotes zone.
15:39 of 2nd period - Minor Penalty to Willie Mitchell for Hooking.
15:40 of 2nd period - Stephen Weiss wins face-off versus Peter Holland in Canucks zone.
16:26 of 2nd period - Wrist shot by David Jones.
16:26 of 2nd period - Shot Blocked by Andrei Markov.
16:48 of 2nd period - Penalty to Antoine Roussel is over, Antoine Roussel is back on ice.
17:18 of 2nd period - Eric Nystrom is hit by Antoine Roussel and loses puck.
17:24 of 2nd period - Off-side.
17:25 of 2nd period - Peter Holland wins face-off versus Elias Lindholm in neutral zone.
17:39 of 2nd period - Penalty to Willie Mitchell is over, Willie Mitchell is back on ice.
17:50 of 2nd period - Backhand shot by Derick Brassard.
17:50 of 2nd period - Shot Blocked by Andrej Sustr.
18:02 of 2nd period - Snap shot by Bobby Butler.
18:02 of 2nd period - Shot Misses the Net.
18:07 of 2nd period - Minor Penalty to Andrei Markov for Tripping.
18:08 of 2nd period - Stephen Weiss wins face-off versus Peter Holland in Canucks zone.
18:24 of 2nd period - Wrist shot by Stephen Weiss.
18:24 of 2nd period - Shot Misses the Net.
18:26 of 2nd period - Snap shot by Rob Klinkhammer.
18:26 of 2nd period - Goal by Rob Klinkhammer - Coyotes : 1 - Canucks : 5.
18:27 of 2nd period - Dave Steckel wins face-off versus Derick Brassard in neutral zone.
18:40 of 2nd period - Snap shot by Bobby Butler.
18:40 of 2nd period - Stopped by Mike McKenna without a rebound.
18:41 of 2nd period - Derick Brassard wins face-off versus Bobby Butler in Canucks zone.
18:50 of 2nd period - Andrei Markov is hit by Mark Borowiecki and loses puck.
19:01 of 2nd period - Wrist shot by Clarke MacArthur.
19:01 of 2nd period - Deflect By Mark Borowiecki.
19:01 of 2nd period - Stopped by Carter Hutton with a rebound.
19:42 of 2nd period - Snap shot by Nazem Kadri.
19:42 of 2nd period - Shot Misses the Net.
Goals for this period are 1 for Coyotes vs 2 for Canucks.
Shots for this period are 15 for Coyotes vs 10 for Canucks.

3rd period


0:01 of 3rd period - Derick Brassard wins face-off versus Elias Lindholm in neutral zone.
0:19 of 3rd period - Minor Penalty to Eric Nystrom for Hooking.
0:20 of 3rd period - Derick Brassard wins face-off versus Elias Lindholm in Coyotes zone.
0:46 of 3rd period - Slapshot by Craig Smith.
0:46 of 3rd period - Shot Misses the Net.
0:48 of 3rd period - Wrist shot by Craig Smith.
0:48 of 3rd period - Shot Misses the Net.
1:00 of 3rd period - Jack Johnson is hit by Rob Klinkhammer and loses puck.
2:00 of 3rd period - Slapshot by Mark Barberio.
2:00 of 3rd period - Shot Misses the Net.
2:19 of 3rd period - Penalty to Eric Nystrom is over, Eric Nystrom is back on ice.
2:27 of 3rd period - Wrist shot by Derick Brassard.
2:27 of 3rd period - Stopped by Carter Hutton with a rebound.
2:29 of 3rd period - Wrist shot by Andrei Markov.
2:29 of 3rd period - Deflect By Clarke MacArthur.
2:29 of 3rd period - Shot Misses the Net.
2:29 of 3rd period - Puck is out of play.
2:30 of 3rd period - Derick Brassard wins face-off versus Carter Ashton in Coyotes zone.
2:39 of 3rd period - Slapshot by Michal Jordan.
2:39 of 3rd period - Shot Misses the Net.
3:31 of 3rd period - Snap shot by Joel Ward.
3:31 of 3rd period - Shot Misses the Net.
3:33 of 3rd period - Slapshot by Christopher Tanev.
3:33 of 3rd period - Shot Misses the Net.
3:45 of 3rd period - Slapshot by Joel Ward.
3:45 of 3rd period - Stopped by Carter Hutton without a rebound.
3:46 of 3rd period - Nazem Kadri wins face-off versus Elias Lindholm in Coyotes zone.
4:27 of 3rd period - Wrist shot by Derick Brassard.
4:27 of 3rd period - Deflect By Craig Smith.
4:27 of 3rd period - Stopped by Carter Hutton without a rebound.
4:28 of 3rd period - Derick Brassard wins face-off versus Stephen Weiss in Coyotes zone.
4:38 of 3rd period - Minor Penalty to Mark Borowiecki for Goalie Interference.
4:39 of 3rd period - Nazem Kadri wins face-off versus Elias Lindholm in Coyotes zone.
4:45 of 3rd period - Wrist shot by Mats Zuccarello.
4:45 of 3rd period - Goal by Mats Zuccarello - Coyotes : 1 - Canucks : 6.
4:46 of 3rd period - Nazem Kadri wins face-off versus Dave Steckel in neutral zone.
4:59 of 3rd period - Slapshot by Mark Borowiecki.
4:59 of 3rd period - Stopped by Mike McKenna with a rebound.
5:01 of 3rd period - Slapshot by Mark Borowiecki.
5:01 of 3rd period - Shot Blocked by Andrei Markov.
5:03 of 3rd period - Wrist shot by Mark Borowiecki.
5:03 of 3rd period - Shot Misses the Net.
5:05 of 3rd period - Snap shot by Mark Borowiecki.
5:05 of 3rd period - Stopped by Mike McKenna with a rebound.
5:15 of 3rd period - Snap shot by Bobby Butler.
5:15 of 3rd period - Stopped by Mike McKenna with a rebound.
5:21 of 3rd period - Snap shot by Bobby Butler.
5:21 of 3rd period - Shot Blocked by Jack Johnson.
5:23 of 3rd period - Wrist shot by Dave Steckel.
5:23 of 3rd period - Stopped by Mike McKenna with a rebound.
5:39 of 3rd period - Antoine Roussel is hit by Rob Klinkhammer and loses puck.
5:50 of 3rd period - Snap shot by Rob Klinkhammer.
5:50 of 3rd period - Stopped by Mike McKenna with a rebound.
5:52 of 3rd period - Slapshot by Michal Jordan.
5:52 of 3rd period - Shot Blocked by Antoine Roussel.
6:45 of 3rd period - Wrist shot by Jannik Hansen.
6:45 of 3rd period - Stopped by Carter Hutton with a rebound.
6:47 of 3rd period - Slapshot by Alexander Edler.
6:47 of 3rd period - Shot Misses the Net.
6:49 of 3rd period - Snap shot by Jannik Hansen.
6:49 of 3rd period - Shot Misses the Net.
6:51 of 3rd period - Slapshot by Willie Mitchell.
6:51 of 3rd period - Stopped by Carter Hutton with a rebound.
7:57 of 3rd period - Dave Steckel is hit by Antoine Roussel and loses puck.
8:20 of 3rd period - Wrist shot by Stephen Weiss.
8:20 of 3rd period - Shot Misses the Net.
8:22 of 3rd period - Slapshot by Stephen Weiss.
8:22 of 3rd period - Stopped by Mike McKenna without a rebound.
8:23 of 3rd period - Nazem Kadri wins face-off versus Stephen Weiss in Canucks zone.
8:57 of 3rd period - Mark Borowiecki is hit by Jack Johnson and loses puck.
9:04 of 3rd period - Snap shot by Jannik Hansen.
9:04 of 3rd period - Deflect By Tomas Kopecky.
9:04 of 3rd period - Shot Hit the Post.
9:04 of 3rd period - Puck is out of play.
9:05 of 3rd period - Derick Brassard wins face-off versus Dave Steckel in Coyotes zone.
9:54 of 3rd period - Wrist shot by Joel Ward.
9:54 of 3rd period - Stopped by Carter Hutton with a rebound.
9:56 of 3rd period - Slapshot by Alexander Edler.
9:56 of 3rd period - Shot Misses the Net.
10:25 of 3rd period - Snap shot by Alexander Edler.
10:25 of 3rd period - Shot Blocked by Stephen Weiss.
10:27 of 3rd period - Snap shot by Jannik Hansen.
10:27 of 3rd period - Goal by Jannik Hansen - Coyotes : 1 - Canucks : 7.
10:28 of 3rd period - Dave Steckel wins face-off versus Nazem Kadri in neutral zone.
10:55 of 3rd period - Slapshot by Mats Zuccarello.
10:55 of 3rd period - Shot Blocked by Bobby Butler.
11:19 of 3rd period - Slapshot by Jack Johnson.
11:19 of 3rd period - Shot Misses the Net.
11:25 of 3rd period - Alexander Edler is hit by Rob Klinkhammer and loses puck.
11:32 of 3rd period - Stephen Weiss is hit by Joakim Andersson and loses puck.
12:24 of 3rd period - Slapshot by Elias Lindholm.
12:24 of 3rd period - Shot Blocked by Nick Leddy.
12:38 of 3rd period - Yannick Weber is hit by Craig Smith and loses puck.
13:23 of 3rd period - Snap shot by Nazem Kadri.
13:23 of 3rd period - Deflect By Mats Zuccarello.
13:23 of 3rd period - Shot Blocked by Michal Jordan.
13:23 of 3rd period - Puck is out of play.
13:24 of 3rd period - Joakim Andersson wins face-off versus Stephen Weiss in Coyotes zone.
13:39 of 3rd period - Snap shot by Jack Johnson.
13:39 of 3rd period - Stopped by Carter Hutton without a rebound.
13:40 of 3rd period - Joakim Andersson wins face-off versus Stephen Weiss in Coyotes zone.
13:49 of 3rd period - Slapshot by Jack Johnson.
13:49 of 3rd period - Stopped by Carter Hutton with a rebound.
13:55 of 3rd period - Snap shot by Andrei Markov.
13:55 of 3rd period - Stopped by Carter Hutton with a rebound.
13:57 of 3rd period - Snap shot by Tomas Kopecky.
13:57 of 3rd period - Goal by Tomas Kopecky - Coyotes : 1 - Canucks : 8.
13:58 of 3rd period - Mats Zuccarello wins face-off versus Elias Lindholm in neutral zone.
14:01 of 3rd period - Snap shot by Mats Zuccarello.
14:01 of 3rd period - Shot Misses the Net.
16:02 of 3rd period - Slapshot by Nick Leddy.
16:02 of 3rd period - Deflect By Mark Barberio.
16:02 of 3rd period - Stopped by Carter Hutton with a rebound.
16:04 of 3rd period - Wrist shot by Jannik Hansen.
16:04 of 3rd period - Stopped by Carter Hutton with a rebound.
16:06 of 3rd period - Slapshot by Nick Leddy.
16:06 of 3rd period - Stopped by Carter Hutton with a rebound.
16:08 of 3rd period - Slapshot by Nick Leddy.
16:08 of 3rd period - Stopped by Carter Hutton without a rebound.
16:09 of 3rd period - Elias Lindholm wins face-off versus Derick Brassard in Coyotes zone.
16:09 of 3rd period - Elias Lindholm is hit by Clarke MacArthur.
16:17 of 3rd period - Andrei Markov is hit by Mark Borowiecki and loses puck.
17:17 of 3rd period - Wrist shot by Nazem Kadri.
17:17 of 3rd period - Shot Blocked by Greg Pateryn.
17:23 of 3rd period - Wrist shot by Stephen Weiss.
17:23 of 3rd period - Stopped by Mike McKenna with a rebound.
17:25 of 3rd period - Slapshot by R.J. Umberger.
17:25 of 3rd period - Shot Blocked by Antoine Roussel.
17:27 of 3rd period - Slapshot by Mark Barberio.
17:27 of 3rd period - Deflect By Stephen Weiss.
17:27 of 3rd period - Shot Misses the Net.
17:27 of 3rd period - Puck is out of play.
17:28 of 3rd period - Stephen Weiss wins face-off versus Joakim Andersson in Canucks zone.
18:11 of 3rd period - Slapshot by Eric Nystrom.
18:11 of 3rd period - Shot Misses the Net.
18:19 of 3rd period - Michal Jordan is hit by Nick Leddy and loses puck.
18:44 of 3rd period - Snap shot by Bobby Butler.
18:44 of 3rd period - Shot Misses the Net.
18:46 of 3rd period - Slapshot by Yannick Weber.
18:46 of 3rd period - Stopped by Mike McKenna with a rebound.
18:48 of 3rd period - Slapshot by Yannick Weber.
18:48 of 3rd period - Shot Blocked by Antoine Roussel.
18:58 of 3rd period - Minor Penalty to Peter Holland for Interference.
18:59 of 3rd period - Tomas Kopecky wins face-off versus Stephen Weiss in Canucks zone.
19:10 of 3rd period - Snap shot by Stephen Weiss.
19:10 of 3rd period - Stopped by Mike McKenna without a rebound.
19:11 of 3rd period - Stephen Weiss wins face-off versus Tomas Kopecky in Canucks zone.
19:26 of 3rd period - Wrist shot by Stephen Weiss.
19:26 of 3rd period - Stopped by Mike McKenna with a rebound.
19:28 of 3rd period - Slapshot by Yannick Weber.
19:28 of 3rd period - Deflect By Rob Klinkhammer.
19:28 of 3rd period - Stopped by Mike McKenna with a rebound.
19:30 of 3rd period - Slapshot by Yannick Weber.
19:30 of 3rd period - Shot Misses the Net.
19:32 of 3rd period - Slapshot by Yannick Weber.
19:32 of 3rd period - Deflect By Andrei Markov.
19:32 of 3rd period - Stopped by Mike McKenna with a rebound.
19:34 of 3rd period - Snap shot by R.J. Umberger.
19:34 of 3rd period - Stopped by Mike McKenna without a rebound.
19:35 of 3rd period - Elias Lindholm wins face-off versus Derick Brassard in Canucks zone.
Goals for this period are 0 for Coyotes vs 3 for Canucks.
Shots for this period are 13 for Coyotes vs 16 for Canucks.